AoeStats
← Vanilla

Arabia

510803536Analyzed
2v2 RM · 5h ago on Oct 2, 2026· 33m 43s· 4 players
Game mode
Random Map
Map size
Medium (4 player)
Population
200
Speed
Normal
Resources
Standard
Victory
Conquest
Starting age
Dark Age
Ending age
Imperial Age
RankedLock teamsTeams togetherTeam positionsShared explorationLock speedFull tech treeHidden civsTurbo modeCheats
Victory
Defeat
🇩🇪 Japanese · Germany
1082
+14
🇩🇪 Sicilians · Germany
1052
+16
🇨🇳 Japanese · China
1114
-18
🇨🇳 Maya · China
981
-12
Vanilla
7:57 Loom
10:06 Feudal Age
11:00 Double-Bit Axe
17:23 Fletching
23:46 Padded Archer Armor
27:49 Wheelbarrow
31:05 Castle Age
31:55 Crossbowman
32:08 Crossbowman
32:56 Thumb Ring
小离爱吃糖
10:54 Feudal Age
10:58 Man-at-Arms
29:45 Castle Age
Der Soldat James Ryan
4:33 Loom
10:51 Feudal Age
16:09 Fletching
29:06 Double-Bit Axe
gOMESS
7:41 Loom
10:48 Feudal Age
11:03 Man-at-Arms
11:45 Double-Bit Axe
18:46 Scale Mail Armor
23:50 Castle Age
22:14 Arson
22:59 Forging
23:56 Long Swordsman
25:28 Chain Mail Armor
25:16 Gambesons
31:03 Squires
31:27 Bow Saw
Connection lost

Rejoining the realm…

Still unreachable

The connection could not be restored.

Session expired

The server has moved on; the page needs a fresh start.